 Dungeon Crawl Stone Soup version 0.21.1-1-g345015f (webtiles) character file.

8577 aMcNicky the Cleaver (level 11, -4/89 HPs)
             Began as a Formicid Fighter on Mar 7, 2018.
             Was a Priest of Qazlal.
             Slain by a yak (9 damage)
             ... on level 10 of the Dungeon.
             The game lasted 00:30:03 (11187 turns).

aMcNicky the Cleaver (Formicid Fighter)            Turns: 11187, Time: 00:30:04

Health: -4/89      AC: 15    Str: 20    XL:     11   Next: 58%
Magic:  13/13      EV:  6    Int:  9    God:    Qazlal [***...]
Gold:   584        SH: 16    Dex: 13    Spells: 9/10 levels left

rFire    . . .     SeeInvis +   a - +0 war axe
rCold    . . .     Gourm    .   c - +0 shield
rNeg     . . .     Faith    +   s - +0 plate armour
rPois    .         Spirit   .   (helmet unavailable)
rElec    .         Reflect  .   (no cloak)
rCorr    .         Harm     .   (no gloves)
MR       +....                  g - +0 pair of boots
Stlth    ..........             d - amulet of faith
HPRegen  0.24/turn              (no ring)
MPRegen  0.13/turn              (no ring)

@: no status effects
A: permanent stasis, dig shafts and tunnels, four strong arms, antennae 3
a: Dig, Shaft Self, Upheaval, Elemental Force, Renounce Religion


You were on level 10 of the Dungeon.
You worshipped Qazlal.
Qazlal was most pleased with you.
You were not hungry.

You visited 1 branch of the dungeon, and saw 10 of its levels.

You collected 584 gold pieces.

Inventory:

Hand Weapons
 a - a +0 war axe (weapon)
Armour
 b - a +0 scale mail
 c - a +0 shield (worn)
 g - a +0 pair of boots (worn)
 s - a +0 plate armour (worn)
Jewellery
 d - an amulet of faith (around neck)
 D - an uncursed amulet of regeneration
 I - an uncursed ring of fire
Wands
 u - a wand of acid (11)
 x - a wand of iceblast (8)
 A - a wand of random effects (26)
 F - a wand of enslavement (16)
 G - a wand of polymorph (15)
Scrolls
 e - 3 scrolls of teleportation
 i - a scroll of fear {unknown}
 n - a scroll of blinking {unknown}
 o - a scroll of identify {@r1}
 p - a scroll of fog {unknown}
 t - a scroll of immolation {unknown}
 v - a scroll of remove curse {unknown}
 w - a scroll of noise {unknown}
 y - 4 scrolls of enchant weapon {unknown}
Potions
 h - 3 potions of curing {@q1}
 k - a potion of lignification {unknown}
 m - 3 potions of degeneration {unknown}
 q - a potion of experience {unknown}
 r - a potion of resistance {unknown}
 z - 2 potions of magic {unknown}
 B - 3 potions of flight {unknown}
 E - a potion of ambrosia {unknown}
Books
 C - a book of Minor Magic

   Spells                             Type                      Level
   a - Magic Dart                     Conjuration                  1
   b - Blink                          Translocation                2
   c - Call Imp                       Summoning                    2
   d - Slow                           Hexes                        2
   e - Conjure Flame                  Conjuration/Fire             3
   f - Mephitic Cloud                 Conjuration/Poison/Air       3
Comestibles
 f - 7 rations
 j - a chunk of flesh


   Skills:
 + Level 9.4 Fighting
 * Level 11.2 Axes
 - Level 8.9 Armour
 - Level 9.2 Shields
 + Level 3.0 Invocations


You had 9 spell levels left.
You knew the following spells:

 Your Spells              Type           Power        Failure   Level  Hunger
a - Magic Dart            Conj           #...         100%        1    ##.....


Dungeon Overview and Level Annotations

Branches:
Dungeon (10/15)            Temple (0/1) D:7
   Lair: D:8-11         Orc: D:9-12

Altars:
Ashenzari
Cheibriados
Dithmenos
Gozag
Hepliaklqana
Kikubaaqudgha
Nemelex Xobeh
Okawaru
Qazlal
Ru
Wu Jian
Yredelemnul
Zin


Innate Abilities, Weirdness & Mutations

You cannot be hasted, slowed, berserked, paralysed or teleported.
You can dig through walls and to a lower floor.
Your four strong arms can wield two-handed weapons with a shield.
You have a pair of large antennae on your head. (SInv)


Message History

The yak is lightly wounded.
You slash the yak! You hit the yak but do no damage. The yak gores you.
* * * LOW HITPOINT WARNING * * *
You block the yak's attack.
You slice the yak!!
The yak is severely wounded.
You hit the yak. x2; The yak gores you!
* * * LOW HITPOINT WARNING * * *
You block the yak's attack.
You closely miss the yak.
The yak is severely wounded.
You hit the yak.
Your plate armour prevents you from hitting the yak.
The yak barely misses you. You block the yak's attack.
The yak gores you but does no damage.
You slash the yak!
The yak is almost dead.
You hit the yak. You closely miss the yak. The yak barely misses you.
You block the yak's attack. The yak gores you!
You die...

#...?...# #.......#
##.......# .........#
.........#
.........########
......)ยง).......#
......Y@).......#
.......YY.......####
.................>.#
....#...........##.#
...........).(.)...#
.....##....#.#(#.....
..... #....#.#.# ....
.##. #....#.#<# .
#....#.#.#


You could see 3 yaks.

Vanquished Creatures
  Erica (D:8)
  The ghost of grindst0ne the Fighter, a journeyman VSFi of Uskayaw (D:10)
  The ghost of kaesh the Blocker, a novice MiFi of Okawaru (D:7)
  Joseph (D:7)
  2 trolls (D:9)
  Prince Ribbit (D:8)
  A hippogriff (D:10)
  2 wraiths (D:8)
  A yak (D:10)
  Duvessa (D:6)
  6 sky beasts
  3 orc warriors
  2 ice beasts
  2 phantoms
  5 ogres
  A necrophage (D:9)
  6 centaurs
  2 big kobolds
  An elf zombie (D:8)
  4 bullfrogs
  Dowan (D:6)
  A scorpion (D:6)
  A troll zombie (D:8)
  10 killer bees
  2 wights (D:8)
  A howler monkey (D:4)
  2 bullfrog zombies (D:5)
  2 crimson imps
  2 centaur zombies
  5 hounds
  An orc priest (D:4)
  4 bullfrog skeletons
  5 human zombies (D:8)
  3 jellies
  8 orc wizards
  A centaur skeleton (D:6)
  A gnoll shaman (D:5)
  A human skeleton (D:8)
  7 iguanas
  9 worker ants
  14 gnolls
  A worker ant zombie (D:8)
  5 adders
  A shadow imp (D:6)
  3 oozes
  A worm (D:9)
  2 adder skeletons
  2 dart slugs (D:1)
  2 leopard geckos
  24 orcs
  7 bats
  6 giant cockroaches
  10 goblins
  12 hobgoblins
  3 jackals (D:3)
  3 quokkas
  3 frilled lizards
  13 kobolds
  A quokka zombie (D:5)
  7 rats
231 creatures vanquished.

Notes
Turn   | Place    | Note
-------+----------+-------------------------------------------
     0 | D:1      | aMcNicky the Formicid Fighter began the quest for the Orb.
     0 | D:1      | Reached XP level 1. HP: 18/18 MP: 1/1
   105 | D:1      | Reached XP level 2. HP: 24/24 MP: 2/2
   190 | D:1      | Reached XP level 3. HP: 29/29 MP: 3/3
   976 | D:2      | Found a sparkling altar of Nemelex Xobeh.
  1298 | D:3      | Found an ornate altar of the Wu Jian Council.
  1318 | D:3      | Reached XP level 4. HP: 37/37 MP: 4/4
  1699 | D:3      | Reached skill level 3 in Axes
  1699 | D:3      | Reached XP level 5. HP: 38/42 MP: 5/5
  1713 | D:3      | Found a shadowy altar of Dithmenos.
  2295 | D:4      | Found an opulent altar of Gozag.
  2335 | D:4      | Reached XP level 6. HP: 37/49 MP: 6/6
  2569 | D:4      | Reached skill level 4 in Axes
  2774 | D:4      | Found an ancient bone altar of Kikubaaqudgha.
  2948 | D:4      | Found a sacrificial altar of Ru.
  3005 | D:4      | Reached XP level 7. HP: 45/55 MP: 7/7
  3223 | D:4      | Found a hazy altar of Hepliaklqana.
  3568 | D:4      | Reached skill level 5 in Fighting
  3576 | D:4      | Reached skill level 5 in Armour
  3814 | D:5      | Entered Level 5 of the Dungeon
  3921 | D:5      | Reached skill level 5 in Axes
  4137 | D:5      | Reached skill level 5 in Shields
  4309 | D:5      | Found a stormy altar of Qazlal.
  4311 | D:5      | Noticed an air elemental
  4311 | D:5      | Noticed a water elemental
  4317 | D:5      | Reached XP level 8. HP: 51/63 MP: 8/8
  4318 | D:5      | Noticed a fire elemental
  4323 | D:5      | Became a worshipper of Qazlal Stormbringer
  4730 | D:5      | Reached skill level 6 in Axes
  5623 | D:6      | Reached XP level 9. HP: 65/70 MP: 9/9
  5655 | D:6      | Reached skill level 7 in Axes
  5773 | D:6      | Noticed Duvessa
  5779 | D:6      | Killed Duvessa
  5779 | D:6      | Reached * piety under Qazlal
  5781 | D:6      | Noticed Dowan
  5796 | D:6      | Killed Dowan
  6519 | D:7      | Reached skill level 8 in Axes
  6744 | D:7      | Noticed kaesh's ghost (novice MiFi)
  6763 | D:7      | Killed kaesh's ghost
  6763 | D:7      | Reached XP level 10. HP: 46/79 MP: 10/10
  6948 | D:7      | Noticed Joseph
  6955 | D:7      | Killed Joseph
  6955 | D:7      | Reached skill level 9 in Axes
  7345 | D:7      | Learned a level 1 spell: Magic Dart
  7451 | D:7      | Found a staircase to the Ecumenical Temple.
  7562 | D:7      | Found an iron altar of Okawaru.
  7869 | D:7      | Reached ** piety under Qazlal
  8628 | D:8      | Noticed Erica
  8671 | D:8      | Killed Erica
  8671 | D:8      | Reached skill level 10 in Axes
  8671 | D:8      | Reached XP level 11. HP: 38/87 MP: 11/11
  9041 | D:8      | Found a glowing silver altar of Zin.
  9102 | D:8      | Noticed Prince Ribbit
  9196 | D:8      | Killed Prince Ribbit
  9574 | D:8      | Found a basalt altar of Yredelemnul.
  9583 | D:8      | Reached *** piety under Qazlal
 10125 | D:9      | Reached skill level 1 in Invocations
 10542 | D:9      | Found a shattered altar of Ashenzari.
 11051 | D:9      | Found a snail-covered altar of Cheibriados.
 11134 | D:10     | Entered Level 10 of the Dungeon
 11162 | D:10     | Noticed grindst0ne's ghost (journeyman VSFi)
 11178 | D:10     | Reached skill level 11 in Axes
 11179 | D:10     | Killed grindst0ne's ghost
 11187 | D:10     | Slain by a yak

Skill      XL: |  1  2  3  4  5  6  7  8  9 10 11 |
---------------+----------------------------------+-----
Shields        | 4 5 6 7 8 9 |  9.2
Fighting       | 4 5 6 7 8 9 |  9.4
Axes           | 3 4 5 6 8 10 11 | 11.2
Armour         | 4 5 6 7 8 |  8.9
Invocations    | 3 |  3.0

Action                   |  1- 3 |  4- 6 |  7- 9 | 10-12 || total
-------------------------+-------+-------+-------+-------++-------
Melee: War axe           |   108 |   132 |   346 |   528 ||  1114
 Abil: Dig               |       |     1 |     2 |     3 ||     6
  Use: Potion            |       |       |     2 |     6 ||     8
       Scroll            |       |       |       |     4 ||     4
  Eat: Chunk             |     1 |     2 |     3 |     2 ||     8
       Ration            |     1 |     1 |     2 |     4 ||     8
Armor: Scale mail        |    44 |    53 |       |       ||    97
       Plate armour      |       |       |   147 |   183 ||   330
Dodge: Dodged            |    42 |    45 |    52 |    82 ||   221
Block: Shield            |    60 |    72 |   167 |   357 ||   656
